 Dungeon Crawl Stone Soup version 0.29.1-2-gbd0b4ee654 (webtiles) character file.

Game seed: 10815121776583946529

518 Icepheonix32 the Trooper (level 7, -1/62 HPs)
             Began as a Minotaur Fighter on Oct 27, 2022.
             Killed by divine providence
             ... invoked by an orc priest
              (17 damage)
             ... on level 4 of the Dungeon.
             The game lasted 00:02:25 (3151 turns).

Icepheonix32 the Trooper (Minotaur Fighter)         Turns: 3151, Time: 00:02:25

Health: -1/62      AC:  7    Str: 20    XL:     7   Next: 1%
Magic:  6/6        EV: 10    Int:  7    God:
Gold:   177        SH:  4    Dex: 10    Spells: 6/6 levels left

rFire   . . .      SeeInvis .   a - +0 war axe
rCold   . . .      Faith    .   c - +0 buckler
rNeg    . . .      Spirit   .   b - +0 scale mail
rPois   .          Reflect  .   (helmet restricted)
rElec   .          Harm     .   (no cloak)
rCorr   .          Rampage  .   (no gloves)
Will    .....                   (no boots)
Stlth   ..........              (no amulet)
HPRegen 0.20/turn               i - ring of flight
MPRegen 0.10/turn               (no ring)

@: flying
A: horns 2, retaliatory headbutt
a: no special abilities


You were on level 4 of the Dungeon.
You visited 1 branch of the dungeon, and saw 4 of its levels.

You collected 177 gold pieces.

Inventory:

Hand Weapons
 a - a +0 war axe (weapon)
Armour
 b - a +0 scale mail (worn)
 c - a +0 buckler (worn)
Jewellery
 i - a ring of flight (left hand)
Wands
 o - a wand of flame (13)
Scrolls
 e - a scroll of silence {unknown}
 f - 3 scrolls of identify {unknown}
 g - a scroll of vulnerability {unknown}
 h - a scroll of poison {unknown}
 j - 2 scrolls of teleportation {unknown}
 l - a scroll of butterflies {unknown}
 p - a scroll of noise {unknown}
 q - a scroll of immolation {unknown}
Potions
 d - 2 potions of might
 k - 2 potions of degeneration {unknown}
 m - a potion of flight {unknown}
 n - a potion of berserk rage {unknown}


   Skills:
 * Level 5.9 Fighting
 + Level 5.4 Axes
 + Level 5.2 Armour
 + Level 2.1 Dodging
 + Level 0.1 Stealth
 + Level 4.8 Shields


You had 6 spell levels left.
You didn't know any spells.
Your spell library contained the following spells:

 Spells                   Type           Power      Damage    Failure   Level
 Apportation              Tloc           0%         N/A       85%         1
 Necrotise                Necr           0%         1d4       85%         1
 Summon Small Mammal      Summ           0%         N/A       85%         1
 Malign Gateway           Summ/Tloc      0%         N/A       100%        7
 Summon Horrible Things   Summ           0%         N/A       100%        8


Dungeon Overview and Level Annotations

Branches:
Dungeon (4/15)
 Temple: D:4-7

Altars:
Hepliaklqana
Sif Muna
Wu Jian


Innate Abilities, Weirdness & Mutations

You have a pair of horns on your head.
You reflexively headbutt those who attack you in melee.


Message History

You have reached level 7!
You bump into the rock wall.
The orc hits you with a +0 flail.
The orc priest hits you but does no damage.
You bump into the rock wall.
The orc closely misses you.
The orc priest casts a cantrip, but nothing happens.
You bump into the rock wall.
You feel less confused. The orc hits you with a +0 flail.
The orc priest barely misses you.
Unknown command.
You hit the orc but do no damage. You closely miss the orc priest.
The orc hits you with a +0 flail.
* * * LOW HITPOINT WARNING * * *
The orc priest completely misses you.
You closely miss the orc. You headbutt the orc.
The orc is lightly wounded.
You hit the orc priest but do no damage.
The orc hits you but does no damage. The orc priest hits you with a +0 whip.
* * * LOW HITPOINT WARNING * * *
You block the orc priest's attack. The orc hits you but does no damage.
You hit the orc. You headbutt the orc, but do no damage.
The orc is heavily wounded.
You hit the orc priest. The orc hits you but does no damage.
You block the orc priest's attack.
Unknown command.
You slash the orc!
You kill the orc!
You hit the orc priest.
The orc priest hits you but does no damage.
You slash the orc!
You kill the orc!
You barely miss the orc priest.
The orc priest miscasts a cantrip.
The orc priest barely misses you.
Items here: ))) [[ ††.
You hit the orc priest.
The orc priest is almost dead.
You block the orc priest's attack.
The orc priest mumbles some strange prayers to Beogh against you.
Beogh smites you!
You die...

#.......# . #.......# ..
#.......#...... ...
#.!.....#...... ....##
#.......#......
......####.......#......
....#..o##..............
.......@).$......#......
....######).....##......
. #...>..........
#.......###....
#........###...
#.............÷
...............)
.................
##...............


You could see an orc priest.

Vanquished Creatures
  A black bear (D:4)
  2 scorpions (D:4)
  A hound (D:3)
  An iguana (D:4)
  Ijyb (D:4)
  3 orc wizards
  A gnoll (D:1)
  5 adders
  2 dart slugs
  8 orcs
  4 endoplasms
  4 giant cockroaches
  6 goblins
  10 hobgoblins
  10 jackals
  6 kobolds
  3 quokkas
  5 ball pythons
  6 bats
  5 frilled lizards
  12 rats
96 creatures vanquished.

Vanquished Creatures (others)
  A plant (D:3)
1 creature vanquished.

Grand Total: 97 creatures vanquished

Notes
Turn   | Place    | Note
-------+----------+-------------------------------------------
     0 | D:1      | Icepheonix32 the Minotaur Fighter began the quest for the
                  | Orb.
     0 | D:1      | Reached XP level 1. HP: 19/19 MP: 0/0
    26 | D:1      | Reached XP level 2. HP: 9/27 MP: 1/1
   564 | D:1      | Reached XP level 3. HP: 34/34 MP: 2/2
  1345 | D:2      | Reached XP level 4. HP: 41/41 MP: 3/3
  1688 | D:3      | Found a hazy altar of Hepliaklqana.
  1742 | D:3      | Reached skill level 5 in Fighting
  1742 | D:3      | Reached XP level 5. HP: 43/48 MP: 4/4
  1770 | D:3      | Found a faded altar of an unknown god.
  1771 | D:3      | Noticed an eye of devastation
  1777 | D:3      | Noticed an eye of devastation
  1780 | D:3      | Noticed a great orb of eyes
  1780 | D:3      | Noticed a golden eye
  1811 | D:3      | Found an ornate altar of the Wu Jian Council.
  2068 | D:3      | Prayed at the altar of an unknown god.
  2068 | D:3      | Became a worshipper of Sif Muna the Loreminder
  2068 | D:3      | Reached * piety under Sif Muna
  2191 | D:3      | Fell from the grace of Sif Muna
  2513 | D:4      | Noticed Ijyb
  2526 | D:4      | Killed Ijyb
  2713 | D:4      | Reached skill level 1 in Dodging
  2713 | D:4      | Reached XP level 6. HP: 42/56 MP: 5/5
  2855 | D:4      | Reached skill level 5 in Axes
  2855 | D:4      | Reached skill level 5 in Armour
  3142 | D:4      | Reached XP level 7. HP: 26/62 MP: 6/6
  3151 | D:4      | Killed from afar by an orc priest

Illustrated notes

Levels and vault maps discovered:
D:1:      erik_arrival_cave_to_civilisation [erik_arrival_cave_to_hall],
          layout_rooms
D:2:      layout_rooms
D:3:      layout_loops_ring, nicolae_hepliaklqana_hazy_memory,
          nicolae_wu_jian_wuxing_cycle, hellmonk_ecumenical_altar_watching_god
D:4:      layout_rooms, serial_shops, nicolae_shop_trees, minmay_goblin_outpost,
          uniq_ijyb

Skill      XL: |  1  2  3  4  5  6 |
---------------+-------------------+-----
Fighting       | 4 5 |  5.9
Armour         | 4 5 |  5.2
Axes           | 3 4 5 |  5.4
Shields        | 4 |  4.8
Dodging        | 1 2 |  2.1
Stealth        | |  0.1

Action                   |  1- 3 |  4- 6 |  7- 9 || total
-------------------------+-------+-------+-------++-------
Melee: War axe           |    93 |   104 |     6 ||   203
       Headbutt          |     9 |    18 |     2 ||    29
Invok: Renounce Religion |       |     1 |       ||     1
Armor: Scale mail        |    52 |    69 |     5 ||   126
Dodge: Dodged            |    41 |    72 |     4 ||   117
Block: Buckler           |    19 |    31 |     3 ||    53
